[Event "ROU-ch Women 2019"]
[Site "Olanesti"]
[Date "2019.03.02"]
[Round "1.16"]
[White "Morea, Georgiana-Steluta"]
[Black "Peptan, Corina-Isabela"]
[Result "0-1"]
[ECO "A22"]
[WhiteElo "1885"]
[BlackElo "2374"]
[Annotator "NA"]
[PlyCount "60"]
[EventDate "2019.03.02"]
[EventType "swiss"]
[EventCountry "ROU"]
[SourceTitle "playchess.com"]
[Source "ChessBase"]
[SourceQuality "1"]
[TimeControl "40/5400+30:1800+30"]

1. c4 e5 2. Nc3 Nf6 3. g3 Bb4 4. Bg2 c6 5. e4 d6 6. Nge2 Be6 7. d3 a5 8. O-O O-O 9. h3 d5 10. cxd5 cxd5 11. Bg5 d4 12. Nd5 Bxd5 13. exd5 h6 14. Bxf6 Qxf6 15. Rc1 Qb6 16. f4 exf4 17. Nxf4 Nd7 18. b3 Rae8 19. Rc2 Re3 20. Kh2 Bd6 21. Rcf2 Nf6 22. Rf3 Rfe8 23. Kh1 Bxf4 24. Rxf4 Rxg3 25. Rxf6 gxf6 26. Qh5 Kg7 27. Be4 Re5 28. Qh4 Reg5 29. Bf5 Qc5 30. Bg4 Qxd5+ 0-1

[Event "ROU-ch Women 2019"]
[Site "Olanesti"]
[Date "2019.03.02"]
[Round "1.17"]
[White "Cosma, Elena-Luminita"]
[Black "Balan, Briana-Cleopatra"]
[Result "1-0"]
[ECO "D02"]
[WhiteElo "2324"]
[BlackElo "1873"]
[Annotator "NA"]
[PlyCount "61"]
[EventDate "2019.03.02"]
[EventType "swiss"]
[EventCountry "ROU"]
[SourceTitle "playchess.com"]
[Source "ChessBase"]
[SourceQuality "1"]
[TimeControl "40/5400+30:1800+30"]

1. d4 d5 2. Nf3 e6 3. g3 Bd6 4. Bg2 Ne7 5. O-O O-O 6. c4 c6 7. b3 Nd7 8. Ba3 Bxa3 9. Nxa3 Ng6 10. Qd2 Qe7 11. Qb2 Rd8 12. Rfd1 dxc4 13. Nxc4 c5 14. Rac1 Rb8 15. dxc5 Nxc5 16. Rxd8+ Qxd8 17. Qa3 b6 18. Qxa7 Ba6 19. Nfe5 Ne7 20. b4 Bxc4 21. Nxc4 b5 22. Ne3 Na4 23. Rc7 Nd5 24. Bxd5 exd5 25. Rxf7 Qg5 26. h4 Qg6 27. Rxg7+ Qxg7 28. Qxb8+ Kf7 29. Qb7+ Kf8 30. Qxg7+ Kxg7 31. Nxd5 1-0

[Event "ROU-ch Women 2019"]
[Site "Olanesti"]
[Date "2019.03.02"]
[Round "1.18"]
[White "Paraschiv, Petronela-Alexandra"]
[Black "Sandu, Mihaela"]
[Result "0-1"]
[ECO "E10"]
[WhiteElo "1872"]
[BlackElo "2294"]
[Annotator "NA"]
[PlyCount "72"]
[EventDate "2019.03.02"]
[EventType "swiss"]
[EventCountry "ROU"]
[SourceTitle "playchess.com"]
[Source "ChessBase"]
[SourceQuality "1"]
[TimeControl "40/5400+30:1800+30"]

1. c4 Nf6 2. d4 e6 3. Nf3 c5 4. e3 Be7 5. Bd3 Nc6 6. O-O O-O 7. a3 d5 8. dxc5 dxc4 9. Bxc4 Bxc5 10. b4 Bd6 11. Nc3 Ne5 12. Bb3 a6 13. Bb2 Qc7 14. h3 Rd8 15. Qe2 Nd3 16. Rfd1 Nxb2 17. Qxb2 Bd7 18. Rac1 Bc6 19. Nd4 Bh2+ 20. Kh1 Be5 21. Nce2 Ne4 22. Kg1 Bh2+ 23. Kf1 Qe5 24. Qc2 Qf6 25. f3 Bd5 26. Bxd5 exd5 27. b5 h5 28. bxa6 Rxa6 29. Qb3 Rb6 30. Qa4 h4 31. f4 g5 32. Nf3 Bg3 33. fxg5 Qe7 34. Nxg3 Nxg3+ 35. Kf2 Rb2+ 36. Rc2 b5 0-1

[Event "ROU-ch Women 2019"]
[Site "Olanesti"]
[Date "2019.03.02"]
[Round "1.19"]
[White "Ionescu, Irina"]
[Black "Obada, Ema"]
[Result "1-0"]
[ECO "C00"]
[WhiteElo "2270"]
[BlackElo "1846"]
[Annotator "NA"]
[PlyCount "71"]
[EventDate "2019.03.02"]
[EventType "swiss"]
[EventCountry "ROU"]
[SourceTitle "playchess.com"]
[Source "ChessBase"]
[SourceQuality "1"]
[TimeControl "40/5400+30:1800+30"]

1. e4 e6 2. d3 d5 3. Nd2 Nf6 4. Ngf3 c5 5. g3 Nc6 6. Bg2 Be7 7. O-O b5 8. Re1 O-O 9. e5 Nd7 10. Nf1 a5 11. h4 Ba6 12. h5 b4 13. Bf4 Nd4 14. Nxd4 cxd4 15. Qg4 Kh8 16. h6 g6 17. Bd2 Rc8 18. Rac1 Qb6 19. Nh2 a4 20. b3 axb3 21. axb3 Rc7 22. Nf3 Bc5 23. Ng5 Kg8 24. Bh3 Be7 25. f4 Rfc8 26. Qd1 Bf8 27. f5 exf5 28. e6 fxe6 29. Nxe6 Rc6 30. Nxf8 Nxf8 31. Bg2 Rc5 32. Re7 R8c7 33. Qe1 Bb7 34. Bxb4 Rxc2 35. Rxc2 Rxc2 36. Qe5 1-0

[Event "ROU-ch Women 2019"]
[Site "Olanesti"]
[Date "2019.03.02"]
[Round "1.20"]
[White "Didiliuc, Dariana-Gabriela"]
[Black "Dragomirescu, Angela"]
[Result "0-1"]
[ECO "A41"]
[WhiteElo "1820"]
[BlackElo "2260"]
[Annotator "NA"]
[PlyCount "66"]
[EventDate "2019.03.02"]
[EventType "swiss"]
[EventCountry "ROU"]
[SourceTitle "playchess.com"]
[Source "ChessBase"]
[SourceQuality "1"]
[TimeControl "40/5400+30:1800+30"]

1. d4 d6 2. c4 e5 3. Nc3 Nd7 4. e4 Ngf6 5. Be2 Be7 6. Nf3 O-O 7. O-O Re8 8. d5 c6 9. Qc2 a6 10. Rd1 Qc7 11. b3 cxd5 12. Nxd5 Nxd5 13. Rxd5 b5 14. Rd2 Qb6 15. cxb5 axb5 16. Rd5 Ba6 17. Be3 Qb7 18. Nd2 Rec8 19. Qd1 Nf6 20. Rd3 b4 21. Nc4 Bxc4 22. bxc4 Nxe4 23. Bf3 Rxc4 24. Rxd6 Bxd6 25. Bxe4 Qxe4 26. Qxd6 h6 27. Qb6 Qc6 28. h3 Qxb6 29. Bxb6 b3 30. Be3 Rxa2 31. Rb1 b2 32. Kh2 Rc2 33. Rd1 Ra1 0-1

[Event "ROU-ch Women 2019"]
[Site "Olanesti"]
[Date "2019.03.03"]
[Round "2.16"]
[White "Peptan, Corina-Isabela"]
[Black "Sgircea, Silvia-Raluca"]
[Result "1-0"]
[ECO "D27"]
[WhiteElo "2374"]
[BlackElo "2252"]
[Annotator "NA"]
[PlyCount "75"]
[EventDate "2019.03.02"]
[EventType "swiss"]
[EventCountry "ROU"]
[SourceTitle "playchess.com"]
[Source "ChessBase"]
[SourceQuality "1"]
[TimeControl "40/5400+30:1800+30"]

1. d4 d5 2. c4 dxc4 3. e3 Nf6 4. Bxc4 e6 5. Nf3 c5 6. O-O a6 7. b3 cxd4 8. Nxd4 Bd6 9. Bb2 O-O 10. Nd2 Qe7 11. Bd3 Nbd7 12. Nc4 Bc5 13. Qc2 Nb6 14. Nxb6 Bxb6 15. Nf3 h6 16. Ne5 Bd7 17. Nxd7 Nxd7 18. Qc4 Rfc8 19. Qe4 Nf8 20. Rfd1 Bc5 21. Rac1 b5 22. Qg4 f6 23. a4 Ba3 24. Rxc8 Rxc8 25. Ba1 Rb8 26. axb5 axb5 27. Qe2 Qb7 28. h3 Qb6 29. Bc3 Qc5 30. Qd2 Rc8 31. Bd4 Qd5 32. b4 Qb3 33. Bc5 Qa4 34. Rb1 Qa6 35. Qe2 Rb8 36. Ra1 Nd7 37. Bd4 Rc8 38. Bb2 1-0

[Event "ROU-ch Women 2019"]
[Site "Olanesti"]
[Date "2019.03.03"]
[Round "2.17"]
[White "Lehaci, Miruna-Daria"]
[Black "Cosma, Elena-Luminita"]
[Result "0-1"]
[ECO "C11"]
[WhiteElo "2052"]
[BlackElo "2324"]
[Annotator "NA"]
[PlyCount "116"]
[EventDate "2019.03.02"]
[EventType "swiss"]
[EventCountry "ROU"]
[SourceTitle "playchess.com"]
[Source "ChessBase"]
[SourceQuality "1"]
[TimeControl "40/5400+30:1800+30"]

1. e4 e6 2. d4 d5 3. Nc3 Nf6 4. e5 Nfd7 5. f4 c5 6. Nf3 a6 7. Be3 Nc6 8. Qd2 b5 9. a3 Qb6 10. Be2 cxd4 11. Nxd4 Bc5 12. Rd1 O-O 13. O-O Rb8 14. Kh1 Bxd4 15. Bxd4 Nxd4 16. Qxd4 b4 17. axb4 Qxb4 18. Qe3 Qb6 19. Qg3 f5 20. exf6 Nxf6 21. f5 exf5 22. Nxd5 Nxd5 23. Rxd5 Qxb2 24. Re5 Rb6 25. Bc4+ Kh8 26. Rfe1 Bd7 27. Re7 Rg6 28. Qf3 Bc6 29. Rf7 Qb4 30. Rxf8+ Qxf8 31. Bd5 Bxd5 32. Qxd5 h6 33. c4 Rd6 34. Qe5 Qf6 35. Qe8+ Kh7 36. h3 Qd4 37. Qc8 Qf2 38. Rg1 Qc2 39. c5 Rg6 40. Qc7 Qe4 41. Qb8 Qd5 42. Qb4 Rg3 43. Kh2 Re3 44. Qb6 Re6 45. Qa5 Qc4 46. Qa3 Re5 47. Rc1 Qf4+ 48. Kh1 Re3 49. Qb2 Qe4 50. Qf2 Rxh3+ 51. Kg1 Rb3 52. c6 Rb8 53. c7 Rc8 54. Qb6 h5 55. Rd1 h4 56. Qb8 h3 57. gxh3 Qe3+ 58. Kf1 Qf4+ 0-1

[Event "ROU-ch Women 2019"]
[Site "Olanesti"]
[Date "2019.03.03"]
[Round "2.19"]
[White "Panainte, Andreea-Bianca"]
[Black "Ionescu, Irina"]
[Result "1/2-1/2"]
[ECO "B09"]
[WhiteElo "1891"]
[BlackElo "2270"]
[Annotator "NA"]
[PlyCount "109"]
[EventDate "2019.03.02"]
[EventType "swiss"]
[EventCountry "ROU"]
[SourceTitle "playchess.com"]
[Source "ChessBase"]
[SourceQuality "1"]
[TimeControl "40/5400+30:1800+30"]

1. e4 d6 2. d4 Nf6 3. Nc3 g6 4. f4 Bg7 5. Nf3 c5 6. Bb5+ Bd7 7. e5 Ng4 8. Bxd7+ Qxd7 9. h3 cxd4 10. Qxd4 Nh6 11. Qd3 dxe5 12. fxe5 Qxd3 13. cxd3 Nc6 14. Bf4 O-O-O 15. O-O-O Nf5 16. Rhe1 Nfd4 17. Nxd4 Nxd4 18. Kb1 b6 19. Ne2 Ne6 20. Bg3 Rd7 21. Nf4 Nxf4 22. Bxf4 e6 23. Re4 Kb7 24. Rc4 Rc8 25. Rxc8 Kxc8 26. Kc2 Rd4 27. Bg3 Kb7 28. Rf1 Rd7 29. Kc3 Kc6 30. d4 Kd5 31. Kd3 Rc7 32. b3 a5 33. Bh4 a4 34. Bd8 Rd7 35. Bh4 Bh6 36. Rf2 Rc7 37. Bd8 Rc1 38. Bxb6 axb3 39. axb3 Rd1+ 40. Kc2 Rc1+ 41. Kb2 Rc6 42. Bc5 Be3 43. Rxf7 Bxd4+ 44. Bxd4 Kxd4 45. Rxh7 Kxe5 46. Rd7 Ke4 47. Rd2 Ke3 48. Rc2 Rxc2+ 49. Kxc2 e5 50. b4 e4 51. b5 Kf2 52. b6 e3 53. b7 e2 54. b8=Q e1=Q 55. Qb6+ {[%emt 0:01:50] Qe2+} 1/2-1/2

[Event "ROU-ch Women 2019"]
[Site "Olanesti"]
[Date "2019.03.03"]
[Round "2.20"]
[White "Dragomirescu, Angela"]
[Black "Aciu, Malina-Andreea"]
[Result "1-0"]
[ECO "A05"]
[WhiteElo "2260"]
[BlackElo "1980"]
[Annotator "NA"]
[PlyCount "71"]
[EventDate "2019.03.02"]
[EventType "swiss"]
[EventCountry "ROU"]
[SourceTitle "playchess.com"]
[Source "ChessBase"]
[SourceQuality "1"]
[TimeControl "40/5400+30:1800+30"]

1. Nf3 Nf6 2. b3 g6 3. Bb2 Bg7 4. e3 O-O 5. Be2 d6 6. d4 b6 7. O-O Bb7 8. c4 Nbd7 9. Qc2 c5 10. d5 e5 11. dxe6 fxe6 12. Nc3 Qe7 13. Rad1 Rad8 14. h3 a6 15. Rd2 Nh5 16. Ne1 Nhf6 17. Bf3 Ne5 18. Bxb7 Qxb7 19. f4 Nc6 20. Nf3 d5 21. Rfd1 Ne7 22. Ng5 Qc6 23. Nce4 Nxe4 24. Bxg7 Nxd2 25. Bxf8 Rxf8 26. Qxd2 b5 27. Qc3 d4 28. exd4 Rxf4 29. Qe3 Rxd4 30. Rxd4 cxd4 31. Qxd4 Nf5 32. Qa7 Qe8 33. Qxh7+ Kf8 34. Qh8+ Ke7 35. Qxe8+ Kxe8 36. cxb5 1-0

[Event "ROU-ch Women 2019"]
[Site "Olanesti"]
[Date "2019.03.04"]
[Round "3.20"]
[White "Visanescu, Daria-Ioana"]
[Black "Balan, Briana-Cleopatra"]
[Result "1-0"]
[ECO "B22"]
[WhiteElo "2084"]
[BlackElo "1873"]
[Annotator "NA RC"]
[PlyCount "67"]
[EventDate "2019.03.02"]
[EventType "swiss"]
[EventCountry "ROU"]
[SourceTitle "playchess.com"]
[Source "ChessBase"]
[SourceQuality "1"]
[TimeControl "40/5400+30:1800+30"]

1. e4 c5 2. c3 d5 3. exd5 Qxd5 4. d4 Nc6 5. Nf3 Bf5 6. Be3 cxd4 7. cxd4 Bxb1 8. Qxb1 e6 9. a3 Nf6 10. Be2 Be7 11. O-O O-O 12. Rd1 Rac8 13. Ng5 h6 14. Nh3 Rfd8 15. Nf4 Qd6 16. Bf3 Nd5 17. Nxd5 exd5 18. Qf5 Qf6 19. Qh5 Bd6 20. Bxd5 Bxh2+ 21. Kh1 Bc7 22. Ba2 Nxd4 23. Bxd4 Rxd4 24. Qxf7+ Kh8 25. Qxf6 Rxd1+ 26. Rxd1 gxf6 27. Rc1 b6 28. g4 a5 29. Kg2 b5 30. Bb1 b4 31. axb4 axb4 32. Bf5 Rd8 33. Rxc7 Rd2 34. b3 1-0

[Event "ROU-ch Women 2019"]
[Site "Olanesti"]
[Date "2019.03.05"]
[Round "4.17"]
[White "Dragomirescu, Angela"]
[Black "Ionescu, Irina"]
[Result "1/2-1/2"]
[ECO "D13"]
[WhiteElo "2260"]
[BlackElo "2270"]
[Annotator "NA"]
[PlyCount "35"]
[EventDate "2019.03.02"]
[EventType "swiss"]
[EventCountry "ROU"]
[SourceTitle "playchess.com"]
[Source "ChessBase"]
[SourceQuality "1"]
[TimeControl "40/5400+30:1800+30"]

1. d4 d5 2. c4 c6 3. Nc3 Nf6 4. Nf3 a6 5. cxd5 cxd5 6. Bf4 Nc6 7. e3 Bg4 8. Be2 e6 9. O-O Bxf3 10. Bxf3 Bd6 11. Bxd6 Qxd6 12. Rc1 O-O 13. Qd2 Nd7 $11 14. Na4 Rfc8 15. Nc5 b6 16. Nxd7 Qxd7 17. h3 Na5 18. Rxc8+ 1/2-1/2

[Event "ROU-ch Women 2019"]
[Site "Olanesti"]
[Date "2019.03.05"]
[Round "4.19"]
[White "Visanescu, Daria-Ioana"]
[Black "Sgircea, Silvia-Raluca"]
[Result "0-1"]
[ECO "B22"]
[WhiteElo "2084"]
[BlackElo "2252"]
[Annotator "NA"]
[PlyCount "82"]
[EventDate "2019.03.02"]
[EventType "swiss"]
[EventCountry "ROU"]
[SourceTitle "playchess.com"]
[Source "ChessBase"]
[SourceQuality "1"]
[TimeControl "40/5400+30:1800+30"]

1. e4 c5 2. c3 d5 3. exd5 Qxd5 4. d4 e6 5. Nf3 Nf6 6. Be2 Be7 7. O-O O-O 8. Be3 cxd4 9. Nxd4 {[%emt 0:02:06] B22: Sicilian: 2 c3} (9. cxd4 Nc6 10. Nc3 Qd6 11. Qb3 b6 12. Rfd1 Bb7 13. Bg5 Rfd8 14. Bh4 Qb4 15. Qxb4 Nxb4 16. Rac1 Rac8 17. Ne5 Kf8 18. a3 Nbd5 19. Nxd5 Nxd5 {0-1 (57) Shkapenko,P (2421)-Panarin,M (2555) St Petersburg 2014}) 9... Rd8 10. Qc2 a6 $146 ({Predecessor:} 10... Nc6 11. Nxc6 Qxc6 12. Bf3 Qc7 13. Rd1 Bd7 14. Qb3 Bc6 15. Nd2 Nd5 16. Bxd5 Bxd5 {½-½ (41) Steiniger,F (1510)-Gucaga,A (1781) Kouty nad Desnou 2015}) 11. Rd1 Qa5 12. Nd2 Nbd7 (12... Qc7 $11) 13. b4 Qc7 14. Qb3 Nd5 15. Rac1 Nxe3 16. fxe3 Nf6 17. Qc4 Qb6 18. Qb3 e5 19. Nc2 Bf5 20. Nf1 Ng4 21. Bxg4 Bxg4 22. Rxd8+ Rxd8 23. Kh1 Qf6 24. Qc4 Be6 25. Qe2 Rc8 26. Ng3 Bxa2 27. Rf1 Qe6 28. Qe1 Qb3 29. Nf5 Bf8 30. Qe2 Qxc3 31. Rf2 Be6 32. e4 Bxf5 33. exf5 Bxb4 34. f6 g6 35. h3 Bf8 36. Ne3 e4 37. Ng4 h5 38. Ne3 Qd3 39. Qe1 $19 b5 40. g4 Bh6 41. Re2 Rc3 0-1

[Event "ROU-ch Women 2019"]
[Site "Olanesti"]
[Date "2019.03.05"]
[Round "4.20"]
[White "Schiopu, Andreea-Alexandra"]
[Black "Aciu, Malina-Andreea"]
[Result "0-1"]
[ECO "E11"]
[WhiteElo "1641"]
[BlackElo "1980"]
[Annotator "NA"]
[PlyCount "54"]
[EventDate "2019.03.02"]
[EventType "swiss"]
[EventCountry "ROU"]
[SourceTitle "playchess.com"]
[Source "ChessBase"]
[SourceQuality "1"]
[TimeControl "40/5400+30:1800+30"]

1. Nf3 Nf6 2. c4 e6 3. g3 d5 4. d4 Bb4+ 5. Bd2 Be7 6. Bg2 O-O 7. O-O c6 8. Qc2 Nbd7 9. c5 a5 10. Rc1 b6 11. b4 axb4 12. Bxb4 bxc5 13. dxc5 Ba6 14. Nd4 Qc7 15. e4 g6 16. Nd2 Ne5 17. Bf1 Qb7 18. a3 Bxf1 19. Rxf1 Qa6 20. f4 Nd3 21. Nxc6 Qxc6 22. Qxd3 Bxc5+ 23. Bxc5 Qxc5+ 24. Kh1 dxe4 25. Nxe4 Qc6 26. Rfe1 Ra4 27. Qd6 Qa8 0-1

[Event "ROU-ch Women 2019"]
[Site "Olanesti"]
[Date "2019.03.07"]
[Round "6.17"]
[White "Sgircea, Silvia-Raluca"]
[Black "Sandu, Mihaela"]
[Result "1-0"]
[ECO "A48"]
[WhiteElo "2252"]
[BlackElo "2294"]
[Annotator "ChessBase"]
[PlyCount "100"]
[EventDate "2019.03.02"]
[EventType "swiss"]
[EventCountry "ROU"]
[SourceTitle "playchess.com"]
[Source "ChessBase"]
[SourceQuality "1"]
[TimeControl "40/5400+30:1800+30"]

1. d4 Nf6 2. Nf3 g6 3. c4 Bg7 4. Nc3 O-O 5. e3 d6 6. Be2 Nbd7 7. O-O e5 8. Qc2 Re8 9. b3 exd4 10. Nxd4 a6 11. Bb2 Ne5 12. Rfd1 Bd7 13. h3 Qc8 14. Nd5 Qd8 15. Nc3 Rb8 16. b4 Nc6 17. Nxc6 bxc6 18. a3 a5 19. b5 Bf5 20. Bd3 Bxd3 21. Qxd3 Nd7 22. Rab1 Qh4 23. Qe2 Nb6 24. c5 dxc5 25. bxc6 Qc4 26. Qe1 Qe6 27. Nb5 Qxc6 28. Bxg7 Kxg7 29. Qxa5 Nd5 30. a4 Rbd8 31. Rdc1 Re4 32. Na7 Qxa4 33. Qxc5 Re6 34. Nc6 Rdd6 35. Nd4 Re4 36. Nb5 Rd7 37. Qc6 Nf6 38. Nd4 Qa2 39. Qc2 Qa6 40. Rb4 Re8 41. Rc4 Nd5 42. Rc6 Qa5 43. Rc5 Qb6 44. Nc6 Rd6 45. Qa2 Kg8 46. Nd4 Nb4 47. Qc4 Na6 48. Rb5 Qa7 49. Nc6 Ree6 50. Nxa7 Nb8 1-0

[Event "ROU-ch Women 2019"]
[Site "Olanesti"]
[Date "2019.03.07"]
[Round "6.18"]
[White "Aciu, Malina-Andreea"]
[Black "Cosma, Elena-Luminita"]
[Result "1/2-1/2"]
[ECO "C10"]
[WhiteElo "1980"]
[BlackElo "2324"]
[Annotator "NA"]
[PlyCount "75"]
[EventDate "2019.03.02"]
[EventType "swiss"]
[EventCountry "ROU"]
[SourceTitle "playchess.com"]
[Source "ChessBase"]
[SourceQuality "1"]
[TimeControl "40/5400+30:1800+30"]

1. e4 e6 2. d4 d5 3. Nc3 h6 4. Nf3 (4. f4 dxe4 5. Nxe4 Nd7 6. Nf3 Ngf6 7. Nxf6+ Nxf6 8. Bd3 c5 9. Qe2 cxd4 10. Bd2 Qb6 11. O-O-O Bd7 {0-1 (66) Short,N (2646)-Lomasov,S (2553) Moscow 2018}) 4... Nf6 5. Bd3 Bb4 6. e5 {[%emt 0:01:13] C10: French with 3 Nc3: Unusual Black 3rd moves and 3...dxe4} Ne4 7. Bd2 Bxc3 8. bxc3 c5 9. O-O Nxd2 10. Qxd2 O-O $146 ({Predecessor:} 10... c4 11. Be2 Bd7 {1-0 (42) Tzintzios,G (2186)-Tepelenis,N (2079) Rio Achaea 2018}) 11. Qe3 Qe7 12. a4 c4 13. Be2 Bd7 14. g3 Nc6 15. Nh4 Kh7 16. f4 g6 17. Qf2 Rg8 18. Ng2 Raf8 19. Ne3 f5 20. exf6 Qxf6 21. Qg2 Qg7 22. g4 Rf7 23. Qg3 Rgf8 24. g5 h5 25. Qh4 Kg8 26. f5 Rxf5 27. Nxf5 exf5 28. Bf3 Be6 29. Rfe1 Qd7 30. Qf4 Bf7 31. Kf2 Re8 $16 32. Rxe8+ Bxe8 33. Rb1 Bf7 34. Bg2 Kh7 35. Bf3 Kg8 36. Bg2 Kh7 37. Bf3 Kg8 38. Bg2 1/2-1/2

[Event "ROU-ch Women 2019"]
[Site "Olanesti"]
[Date "2019.03.07"]
[Round "6.20"]
[White "Dragomirescu, Angela"]
[Black "Paraschiv, Petronela-Alexandra"]
[Result "1-0"]
[ECO "A40"]
[WhiteElo "2260"]
[BlackElo "1872"]
[Annotator "ChessBase"]
[PlyCount "61"]
[EventDate "2019.03.02"]
[EventType "swiss"]
[EventCountry "ROU"]
[SourceTitle "playchess.com"]
[Source "ChessBase"]
[SourceQuality "1"]
[TimeControl "40/5400+30:1800+30"]

1. d4 Nf6 2. c4 e6 3. g3 d5 4. Nf3 b6 5. Bg2 Bb7 6. cxd5 Nxd5 7. Qa4+ Qd7 8. Qb3 c5 9. O-O cxd4 10. Nxd4 Bc5 11. Rd1 Qe7 12. Qa4+ Nd7 13. Nd2 O-O 14. Ne4 Bxd4 15. Rxd4 h6 16. Bd2 Rfd8 17. Rd1 f5 18. Nc3 Nc5 19. Qa3 Nxc3 20. Bxc3 Bxg2 21. Kxg2 Rxd4 22. Rxd4 Qb7+ 23. f3 e5 24. Rd2 e4 25. b4 Nd7 26. Qb3+ Kh8 27. Qf7 exf3+ 28. exf3 Nc5 29. Bxg7+ Kh7 30. Qxf5+ Kxg7 31. bxc5 1-0

[Event "ROU-ch Women 2019"]
[Site "Olanesti"]
[Date "2019.03.08"]
[Round "7.16"]
[White "Lehaci, Miruna-Daria"]
[Black "Sgircea, Silvia-Raluca"]
[Result "1/2-1/2"]
[ECO "B35"]
[WhiteElo "2052"]
[BlackElo "2252"]
[Annotator "NA RC"]
[PlyCount "82"]
[EventDate "2019.03.02"]
[EventType "swiss"]
[EventCountry "ROU"]
[SourceTitle "playchess.com"]
[Source "ChessBase"]
[SourceQuality "1"]
[TimeControl "40/5400+30:1800+30"]

1. e4 c5 2. Nf3 Nc6 3. d4 cxd4 4. Nxd4 Nf6 5. Nc3 g6 6. Be3 Bg7 7. Bc4 O-O 8. Bb3 d5 9. exd5 {[%emt 0:08:22] B35: Sicilian: Accelerated Dragon with 5 Nc3: main line} Na5 10. Nf3 (10. O-O Nxb3 11. Nxb3 b6 12. d6 e6 13. Qf3 Rb8 14. Rfd1 Bb7 15. Qh3 Rc8 16. Bd4 Nd5 17. Nxd5 Bxd5 18. Bxg7 Kxg7 {1-0 (34) Vachier Lagrave,M (2796)-Gelfand,B (2719) Palma de Mallorca 2017}) 10... Nxb3 11. axb3 b6 12. Qd2 Bb7 13. O-O-O b5 $146 ({Predecessor:} 13... Qd6 14. Rhe1 Rfd8 15. Bg5 Rac8 16. Qe3 Rd7 {1-0 (32) Kupreichik,V (2431)-Barlocco,C (2162) Courmayeur 2011}) 14. d6 Qa5 15. Kb1 exd6 16. Qxd6 b4 17. Na2 Rac8 18. Qxb4 Qc7 $1 19. Qc3 Qb8 $1 20. Qd2 ({White should play} 20. Qa5 $14) 20... Be4 $1 21. Nc3 Rxc3 $1 22. Qxc3 Rc8 23. Bf4 (23. Qa5 $11 {keeps the balance.}) 23... Qb7 24. Qa5 ({Don't blunder} 24. Qd2 $2 Rxc2 25. Qxc2 (25. Qd8+ $2 Bf8 $19) 25... Bxc2+ 26. Kxc2 Qe4+ {[%mdl 64] Double Attack} 27. Rd3 Qxf4 $19) 24... Bxc2+ 25. Ka1 Qb6 26. Qa3 (26. b4 $1 $11 {was the only way to keep the balance.}) 26... Bxd1 27. Rxd1 Qxf2 28. Qa6 Re8 29. Qc6 (29. Rd2 $142 Qc5 30. Qa4) 29... Nd7 (29... Qxg2 $17 30. Bg5 Nd7) 30. Rd2 Qf1+ 31. Ka2 Re6 $1 32. Bd6 Nf8 (32... Nb6 $11) 33. Qc4 Qh1 34. Ng5 $11 ({Better is} 34. Ba3 $14 Re8 35. Qc6) 34... Qe1 35. Nxe6 Qxd2 36. Nxg7 Qxd6 37. Ne8 Qe5 38. Qc6 Qa5+ 39. Qa4 Qe5 40. h3 h5 41. Qc6 Qa5+ 1/2-1/2

[Event "ROU-ch Women 2019"]
[Site "Olanesti"]
[Date "2019.03.08"]
[Round "7.17"]
[White "Dragomirescu, Angela"]
[Black "Peptan, Corina-Isabela"]
[Result "1/2-1/2"]
[ECO "D14"]
[WhiteElo "2260"]
[BlackElo "2374"]
[Annotator "NA RC"]
[PlyCount "20"]
[EventDate "2019.03.02"]
[EventType "swiss"]
[EventCountry "ROU"]
[SourceTitle "playchess.com"]
[Source "ChessBase"]
[SourceQuality "1"]
[TimeControl "40/5400+30:1800+30"]

1. d4 d5 2. c4 c6 3. cxd5 cxd5 4. Nf3 Nf6 5. Nc3 Nc6 6. Bf4 Bf5 7. e3 a6 8. Bd3 Bxd3 9. Qxd3 e6 10. O-O Bd6 1/2-1/2

[Event "ROU-ch Women 2019"]
[Site "Olanesti"]
[Date "2019.03.08"]
[Round "7.18"]
[White "Cosma, Elena-Luminita"]
[Black "Sandu, Mihaela"]
[Result "1/2-1/2"]
[ECO "A05"]
[WhiteElo "2324"]
[BlackElo "2294"]
[Annotator "RC"]
[PlyCount "108"]
[EventDate "2019.03.02"]
[EventType "swiss"]
[EventCountry "ROU"]
[SourceTitle "playchess.com"]
[Source "ChessBase"]
[SourceQuality "1"]
[TimeControl "40/5400+30:1800+30"]

1. Nf3 Nf6 2. g3 d5 3. Bg2 c6 4. O-O Bf5 5. d4 h6 6. c4 e6 7. Nc3 Be7 8. b3 O-O 9. Bb2 Nbd7 10. e3 Ne4 11. Qe2 Qa5 12. Rfc1 Rfd8 13. h3 Rac8 14. Ne1 Bb4 15. Nxe4 dxe4 16. a3 Be7 17. b4 Qc7 18. Rd1 Nf6 19. Rac1 a5 20. Nc2 axb4 21. axb4 Ra8 22. Ra1 h5 23. Bc3 b6 24. Rdc1 Bg6 25. Qf1 Rxa1 26. Rxa1 h4 27. g4 Nh7 28. Ne1 Ng5 29. Qe2 Bf6 30. Qa2 e5 31. dxe5 Bxe5 32. Qb2 Bxc3 33. Qxc3 c5 34. bxc5 bxc5 35. Ra5 f5 36. Ra6 Kh7 37. Qa1 Rd7 38. Qa4 fxg4 39. hxg4 h3 40. Bh1 Rd6 41. Rxd6 Qxd6 42. Qc2 Nf3+ 43. Bxf3 exf3 44. Qc3 Be4 45. Kh1 Kg6 46. Qa5 Kg5 47. Qa7 g6 48. Qg7 Kxg4 49. Qh6 Bf5 50. Kg1 Qe5 51. Qh4+ Kxh4 52. Nxf3+ Kh5 53. Nxe5 g5 54. Kh1 h2 1/2-1/2

[Event "ROU-ch Women 2019"]
[Site "Olanesti"]
[Date "2019.03.08"]
[Round "7.19"]
[White "Ionescu, Irina"]
[Black "Aciu, Malina-Andreea"]
[Result "0-1"]
[ECO "D00"]
[WhiteElo "2270"]
[BlackElo "1980"]
[Annotator "NA RC"]
[PlyCount "110"]
[EventDate "2019.03.02"]
[EventType "swiss"]
[EventCountry "ROU"]
[SourceTitle "playchess.com"]
[Source "ChessBase"]
[SourceQuality "1"]
[TimeControl "40/5400+30:1800+30"]

1. d4 d5 2. Bf4 Nf6 3. e3 e6 4. Nd2 c5 5. c3 Bd6 6. Bxd6 {[%emt 0:04:57] D00: 1 d4 d5: Unusual lines} (6. Bb5+ Nc6 7. Bg3 Bxg3 8. hxg3 Qd6 9. g4 e5 10. dxe5 Qxe5 11. Ngf3 Qe7 12. g5 Ne4 13. Bxc6+ bxc6 {0-1 (31) Naiditsch,A (2705)-Inarkiev,E (2689) Riadh 2017}) 6... Qxd6 7. Bd3 O-O 8. f4 b6 9. Qe2 Bb7 10. Ngf3 Nbd7 11. Ne5 Ne4 12. O-O Nxd2 $146 ({Predecessor:} 12... Ndf6) 13. Qxd2 f5 14. g4 Qe7 15. Nxd7 Qxd7 16. g5 c4 17. Be2 b5 18. Rf3 a5 19. Rh3 Qe7 20. Qe1 b4 21. Qh4 g6 22. Qe1 Bc6 23. Rg3 Rab8 24. h4 a4 25. h5 bxc3 26. bxc3 Be8 27. hxg6 (27. Rb1 $11 Rb7 28. hxg6 Bxg6 29. Rxb7 Qxb7 30. Rg2) 27... Bxg6 28. Qc1 {[%emt 0:02:10] [#]} a3 $1 29. Rb1 Qa7 30. Rg2 Rxb1 31. Qxb1 Rb8 32. Qc1 Rb2 33. Bd1 Qb7 34. Rxb2 Qxb2 ({Of course not} 34... axb2 $6 35. Qb1 $11) 35. Qc2 $2 {[%emt 0:06:47] [#]} (35. Qxb2 axb2 36. Bc2) 35... Bh5 $1 36. Qa4 Qc1 (36... Qa1 $142 37. Kf2 Qxd1 38. Qxd1 Bxd1 39. Ke1 {[#]} Bb3 $1 40. Kd2 Kg7 41. axb3 a2 42. bxc4 dxc4 43. d5 exd5 44. e4 dxe4 45. Ke3 a1=Q 46. Kd4 e3 $1 {[%mdl 576] Deflection, Decoy} 47. Kxe3 Qxc3+ 48. Ke2 Qh3 49. Kd2 Qd3+ 50. Ke1 c3 51. Kf2 c2 52. Kg2 c1=Q 53. Kh2 Qxf4+ 54. Kh1 Qdf1#) 37. Qa8+ Kg7 38. Qb7+ Bf7 (38... Kg6 $142 39. Kf2 Qd2+ 40. Kg3 Qxd1 41. Qxh7+ Kxh7 42. g6+ Kxg6 43. Kg2 Qe2+ 44. Kg3 Bf3 45. Kh3 Qg2+ 46. Kh4 Qh2#) 39. Qe7 Qxd1+ 40. Kf2 Qh5 41. Qf6+ Kg8 42. Qd8+ Be8 43. Qe7 Qf7 44. Qxa3 Qd7 45. Qb4 Qa4 46. Qe7 Qd7 47. Qf6 Qd6 48. Kg3 Bf7 49. a4 {[%emt 0:00:22] [#]} Qc7 $1 50. Kh4 Qa5 51. g6 hxg6 52. Kg5 Qxa4 53. Kh6 Kf8 54. Qd8+ Qe8 55. Qd6+ Qe7 0-1